 Dungeon Crawl Stone Soup version 0.31-a0-236-g9a0961fb85 (webtiles) character file.

Game seed: 7824777428567796407

702 qw the Shooter (level 7, -3/44 HPs)
             Began as a Gargoyle Hexslinger on July 10, 2023.
             Was an Initiate of Okawaru.
             Slain by a gnoll
             ... wielding a +0 spear
             ... led by a gnoll bouda
              (6 damage)
             ... on level 5 of the Dungeon.
             The game lasted 00:01:28 (3316 turns).

qw the Shooter (Gargoyle Hexslinger)                Turns: 3316, Time: 00:01:29

Health: -3/44      AC: 11    Str: 12    XL:     7   Next: 66%
Magic:  8/8        EV: 11    Int: 13    God:    Okawaru [......]
Gold:   360        SH:  0    Dex: 20    Spells: 7/8 levels left

rFire   . . .        Y - +1 sling (freeze)
rCold   . . .        (no shield)
rNeg    + . .        g - +0 ring mail
rPois   inf          m - +0 helmet
rElec   +            (no cloak)
rCorr   .            (no gloves)
SInv    .            (no boots)
Will    .....        (no amulet)
Stlth   +            f - +6 ring of dexterity
HPRegen 0.27/turn    (no ring)
MPRegen 0.11/turn

%: no passive effects
@: no status effects
A: sickness immunity, AC +4, negative energy resistance 1, electricity
resistance, torment resistance 1, petrification resistance
a: Renounce Religion


You were on level 5 of the Dungeon.
You worshipped Okawaru.
Okawaru was noncommittal.
You visited 2 branches of the dungeon, and saw 6 of its levels.

You collected 360 gold pieces.


Innate Abilities, Weirdness & Mutations

You are immune to sickness and miasma.
Your stone body is resilient. (AC +4)
You are immune to poison.
You resist negative energy. (rN+)
You are resistant to electric shocks. (rElec)
You are resistant to unholy torment.
You are immune to petrification.


   Skills:
 - Level 4.4 Fighting
 + Level 7.0 Ranged Weapons
 - Level 1.0 Armour
 - Level 2.1 Dodging
 - Level 1.0 Spellcasting
 - Level 2.6 Hexes


You had 7 spell levels left.
You knew the following spells:

 Your Spells              Type           Power      Damage    Failure   Level
a - Slow                  Hex            28%        N/A       22%         1

Your spell library contained the following spells:

 Spells                   Type           Power      Damage    Failure   Level
 Inner Flame              Hex/Fire       4%         N/A       73%         3
 Portal Projectile        Hex/Tloc       8%         N/A       73%         3
 Cause Fear               Hex            3%         N/A       91%         4

Inventory:

Hand Weapons
 Y - a +1 sling of freezing (weapon)
Armour
 g - a +0 ring mail (worn)
 m - a +0 helmet (worn)
Jewellery
 f - a +6 ring of dexterity (left hand)
Scrolls
 a - a scroll of identify
Potions
 b - a potion of ambrosia {unknown}
 c - 2 potions of curing
 d - a potion of berserk rage {unknown}
 e - a potion of haste {unknown}
 h - a potion of magic {unknown}
 i - a potion of resistance {unknown}
 l - a potion of degeneration {unknown}

Dungeon Overview and Level Annotations

Branches:
Dungeon (5/15)             Temple (1/1) D:4

Altars:
Cheibriados
Dithmenos
Elyvilon
Fedhas
Kikubaaqudgha
Makhleb
Nemelex Xobeh
Okawaru
Qazlal
Sif Muna
Trog
Uskayaw
Vehumet
Wu Jian
Xom
Yredelemnul
Zin
The Shining One


Message History

The sling bullet freezes the scorpion.
The scorpion is lightly wounded.
The scorpion barely misses you. The gnoll closely misses you.
The gnoll hits you but does no damage. The gnoll closely misses you.
The scorpion closely misses you.
You shoot a sling bullet.
The sling bullet hits the scorpion but does no damage.
The scorpion is lightly wounded.
The gnoll barely misses you. The gnoll hits you but does no damage.
The gnoll hits you from afar with a +0 spear.
The scorpion stings you but does no damage.
The gnoll hits you but does no damage. The gnoll barely misses you.
You shoot a sling bullet. The sling bullet hits the scorpion!
The sling bullet freezes the scorpion.
The scorpion is severely wounded.
The gnoll is no longer moving quickly.
The gnoll hits you from afar with a +0 spear.
The scorpion stings you but does no damage.
The gnoll hits you but does no damage.
The gnoll hits you from afar with a +0 halberd.
The gnoll hits you from afar with a +0 spear.
You shoot a sling bullet.
The sling bullet barely misses the scorpion.
The gnoll is no longer moving quickly.
The scorpion stings you.
The gnoll hits you from afar with a +0 spear.
The gnoll barely misses you. The gnoll closely misses you.
The scorpion stings you but does no damage.
You shoot a sling bullet. The sling bullet hits the scorpion.
The sling bullet freezes the scorpion.
The scorpion is almost dead.
The scorpion barely misses you.
The gnoll hits you from afar with a +0 spear.
The gnoll hits you from afar with a +0 halberd.
The gnoll hits you from afar with a +0 spear.
You shoot a sling bullet.
The sling bullet closely misses the scorpion.
The gnoll is no longer moving quickly.
The scorpion stings you.
The gnoll hits you but does no damage. x2
The gnoll hits you from afar with a +0 spear.
You die...

....##..##.......#....
#.....................
#.....<>......#.......
#....##...##..........
#.(.................#
................##..#
.........#....#..# .
.........#.#.###.##
..............@.#
...........g.s.#
........gg..#
.............
.....)......#
...).......
........#...
.......####..


You could see a scorpion and 3 gnolls.

Vanquished Creatures
  A black bear (D:5)
  An ogre (D:5)
  2 scorpions (D:4)
  2 hounds
  A gnoll bouda (D:5)
  2 iguanas
  3 orc wizards (D:4)
  5 gnolls (D:5)
  6 adders
  A white imp (D:5)
  A worm (D:2)
  9 orcs
  6 endoplasms
  2 giant cockroaches
  8 goblins
  8 hobgoblins
  4 jackals (D:2)
  3 quokkas
  9 ball pythons
  10 bats
  4 frilled lizards
  6 kobolds
  3 rats
97 creatures vanquished.

Notes
Turn   | Place    | Note
-------+----------+-------------------------------------------
     0 | D:1      | qw the Gargoyle Hexslinger began the quest for the Orb.
     0 | D:1      | Reached XP level 1. HP: 12/12 MP: 2/2
     0 | D:1      | 0 ||| qw: Version: 0.3-a-51-g015441d
     0 | D:1      | 0 ||| qw: Game counter: 4480
     0 | D:1      | 0 ||| qw: Melee chars always use a shield: true
     0 | D:1      | 0 ||| qw: God list: Okawaru
     0 | D:1      | 0 ||| qw: Allow faded altars: false
     0 | D:1      | 0 ||| qw: Do Orc after clearing Dungeon:15 true
     0 | D:1      | 0 ||| qw: Do second Lair branch before Depths: true
     0 | D:1      | 0 ||| qw: Lair rune preference: random
     0 | D:1      | 0 ||| qw: Goals: Normal
     0 | D:1      | 0 ||| PLANNING D:1-11
   187 | D:1      | Reached XP level 2. HP: 16/16 MP: 3/3
   194 | D:1      | Found a faded altar of an unknown god.
   305 | D:1      | Reached skill level 3 in Ranged Weapons
   759 | D:1      | 759 ||| UPGRADING to +0 ring mail.
   769 | D:1      | 769 ||| DROPPING +0 robe.
   770 | D:1      | 770 ||| UPGRADING to +1 hat.
   775 | D:1      | 775 ||| READING 2 scrolls labelled JIKITOPPEA.
   776 | D:1      | 776 ||| READING scroll labelled ICOLLE POBLUG.
   777 | D:1      | 777 ||| READING scroll labelled SISAZICUONNI.
   878 | D:1      | 878 ||| DROPPING scroll of poison.
   958 | D:2      | Reached XP level 3. HP: 21/21 MP: 4/4
  1126 | D:2      | Reached XP level 4. HP: 22/26 MP: 5/5
  1287 | D:2      | Reached skill level 4 in Ranged Weapons
  1370 | D:2      | 1370 ||| UPGRADING to +6 ring of dexterity.
  1371 | D:2      | 1371 ||| READING scroll labelled FEEWNI HISCH.
  1372 | D:2      | 1372 ||| DRINKING 2 green potions.
  1373 | D:2      | 1373 ||| READING 2 scrolls of identify.
  1373 | D:2      | 1373 ||| IDENTIFYING metallic amethyst potion
  1672 | D:3      | Reached skill level 1 in Armour
  1701 | D:3      | Identified the staff of Linearity {rElec rF+ rC+ rN+ Dex+2
                  | Necro}
  2142 | D:3      | 2142 ||| READING scroll labelled MIMAFF CIGHEI.
  2143 | D:3      | 2143 ||| READING 2 scrolls of identify.
  2143 | D:3      | 2143 ||| IDENTIFYING lumpy sapphire potion
  2144 | D:3      | 2144 ||| DROPPING potion of invisibility.
  2206 | D:4      | Reached XP level 5. HP: 17/30 MP: 6/6
  2212 | D:4      | HP: 4/30 [orc/+0 hand axe (6)]
  2213 | D:4      | 2213 ||| DRINKING potion of heal wounds.
  2218 | D:4      | Reached skill level 5 in Ranged Weapons
  2363 | D:4      | Reached skill level 3 in Fighting
  2458 | D:4      | Reached XP level 6. HP: 37/37 MP: 7/7
  2566 | D:4      | Found a staircase to the Ecumenical Temple.
  2567 | D:4      | 2567 ||| PLANNING TEMPLE
  2575 | Temple   | Entered the Ecumenical Temple
  2576 | Temple   | 2576 ||| PLANNING OKAWARU WORSHIP
  2581 | Temple   | Became a worshipper of Warmaster Okawaru
  2582 | Temple   | 2582 ||| PLANNING D:1-11
  2628 | D:4      | 2628 ||| Stepping ~*~*~tactically~*~*~ (outnumbered).
  2630 | D:4      | 2630 ||| Stepping ~*~*~tactically~*~*~ (outnumbered).
  2632 | D:4      | 2632 ||| Stepping ~*~*~tactically~*~*~ (outnumbered).
  2634 | D:4      | 2634 ||| DRINKING 3 potions of curing.
  2634 | D:4      | 2634 ||| (to cure confusion)
  2744 | D:4      | 2744 ||| READING scroll of brand weapon.
  2744 | D:4      | 2744 ||| BRANDING +1 sling of chaos.
  2791 | D:4      | Reached skill level 6 in Ranged Weapons
  2909 | D:4      | 2909 ||| UPGRADING to +0 helmet.
  2919 | D:4      | 2919 ||| DROPPING +1 hat.
  2920 | D:4      | 2920 ||| DRINKING 2 fizzy ruby potions.
  2968 | D:4      | 2968 ||| DROPPING potion of lignification.
  2981 | D:5      | Entered Level 5 of the Dungeon
  3147 | D:5      | Noticed a black bear
  3153 | D:5      | Killed a black bear
  3154 | D:5      | Reached XP level 7. HP: 44/44 MP: 8/8
  3187 | D:5      | Reached * piety under Okawaru
  3188 | D:5      | 3188 ||| INVOKING Heroism.
  3195 | D:5      | Reached skill level 7 in Ranged Weapons
  3299 | D:5      | 3299 ||| INVOKING Heroism.
  3315 | D:5      | HP: 10/44 [gnoll/+0 spear[a gnoll bouda] (3)]
  3316 | D:5      | HP: 3/44 [scorpion (3)]
  3316 | D:5      | Slain by a gnoll

Levels and vault maps discovered:
D:1:      kennysheep_arrival_seaside, layout_loops_ring,
          shapermc_ecumenical_altar_starsandcircs, minmay_misc_feat_tower
D:2:      layout_rooms, grunt_ministairs_2
D:3:      layout_basic, nicolae_eternal_life
D:4:      layout_loops_cross, minmay_temple_entry_mini_moons
D:5:      layout_cave_pools
Temple:   nicolae_temple_no_exploring_needed

Skill      XL: |  1  2  3  4  5  6  7 |
---------------+----------------------+-----
Ranged Weapons | 3 4 5 6 7 |  7.0
Fighting       | 2 3 4 |  4.4
Armour         | 1 |  1.0
Dodging        | 2 |  2.1
Spellcasting   | |  1.0
Hexes          | |  2.6

Action                     |  1- 3 |  4- 6 |  7- 9 || total
---------------------------+-------+-------+-------++-------
   Fire: Sling             |   138 |   189 |    34 ||   361
 Invoke: Heroism           |       |       |     2 ||     2
    Use: Scroll            |     3 |     5 |       ||     8
         Potion            |       |     4 |       ||     4
 Armour: Robe              |     4 |       |       ||     4
         Ring mail         |    68 |    60 |    16 ||   144
  Dodge: Dodged            |    75 |    79 |    24 ||   178

Table legend:
 A = Non-vault XP
 B = Vault XP
 C = Vault XP percentage of total XP
 D = Non-vault monster count
 E = Vault monster count
 F = Vault count percentage of total count
                 A         B        C        D         E       F
            +---------+---------+-------+---------+---------+-------
      Total |     989 |      15 |   1.5 |      95 |       2 |   2.1
            +---------+---------+-------+---------+---------+-------
        D:1 |      30 |       0 |   0.0 |      19 |       0 |   0.0
        D:2 |      59 |      15 |  20.3 |      21 |       2 |   8.7
        D:3 |      26 |       0 |   0.0 |      15 |       0 |   0.0
        D:4 |     431 |       0 |   0.0 |      28 |       0 |   0.0
        D:5 |     443 |       0 |   0.0 |      12 |       0 |   0.0
            +---------+---------+-------+---------+---------+-------
